 Dungeon Crawl Stone Soup version 0.25-b1-23-ge2ad7d536c (webtiles) character file.

Game seed: 4914963412288228274, levelgen mode: deterministic

510607 HoaS the Middleweight Champion (level 25, -3/168 HPs)
             Began as a Gargoyle Berserker on May 31, 2020.
             Was a High Priest of Zin.
             Slain by a stone giant (22 damage)
             ... created by the rage of Trog
             ... on level 1 of Tartarus.
             The game lasted 03:15:28 (63098 turns).

HoaS the Middleweight Champion (GrBe)              Turns: 63098, Time: 03:15:28

Health: -3/168     AC: 55    Str: 33    XL:     25   Next: 52%
Magic:  26/28      EV: 12    Int: 13    God:    Zin [*****.]
Gold:   24         SH:  0    Dex: 15    Spells: 24/24 levels left

rFire    + . .     SeeInvis +     - Unarmed
rCold    + . .     Gourm    .   (no shield)
rNeg     + + +     Faith    .   S - +3 gold dragon scales
rPois    ∞         Spirit   .   E - +2 hood of the Assassin {Detection Stab+ Stlth++}
rElec    +         Reflect  .   u - +2 cloak of Qazlal's Inspiration {Regen+ SInv}
rCorr    .         Harm     .   U - +2 pair of gloves {Dex+3}
MR       ++++.                  T - +2 pair of boots "Juvutt" {rN+}
Stlth    ..........             D - amulet of Wannokh {Acrobat rElec rN+ MR+ Str+4}
HPRegen  0.78/turn              l - +4 ring of slaying
MPRegen  0.21/turn              N - ring of Gejed Gog {MR++ AC+4 Dex-2}

@: vitalised, reciting, flying
A: big wings, deformed body, frail 1, negative energy resistance 1, electricity
resistance, unbreathing, petrification resistance, rot immunity, AC +19
}: 2/15 runes: serpentine, barnacled
a: Stop Flying, Recite, Vitalisation, Imprison, Sanctuary, Donate Gold, Renounce
Religion


You were on level 1 of Tartarus.
You worshipped Zin.
Zin was extremely pleased with you.
You were not hungry.

You visited 10 branches of the dungeon, and saw 42 of its levels.
You visited 1 bazaar.
You also visited: Sewer, Bailey, Ice Cave and Volcano.

You collected 6516 gold pieces.
You spent 5583 gold pieces at shops.
You donated 909 gold pieces to Zin.

Inventory:

Armour
 u - the +2 cloak of Qazlal's Inspiration (worn) {Regen+ SInv}
   (You found it on level 2 of the Elven Halls)

   It lets you see invisible.
   It increases your rate of regeneration.
 E - the +2 hood of the Assassin (worn) {Detection Stab+ Stlth++}
   (You bought it in a shop on level 5 of the Dungeon)

   It makes you much more stealthy.
 S - +3 gold dragon scales (worn)
 T - the +2 pair of boots "Juvutt" (worn) {rN+}
   (You found it in an ice cave)

   It protects you from negative energy.
 U - a +2 pair of gloves of dexterity (worn)
Jewellery
 l - a +4 ring of slaying (left hand)
 n - an uncursed ring of see invisible
 D - the amulet of Wannokh (around neck) {Acrobat rElec rN+ MR+ Str+4}
   (You bought it in a shop on level 1 of the Snake Pit)

   [amulet of the acrobat]

   It helps you evade while moving and waiting.
   It affects your strength (+4).
   It insulates you from electricity.
   It protects you from negative energy.
   It affects your resistance to hostile enchantments.
 N - the ring of Gejed Gog (right hand) {MR++ AC+4 Dex-2}
   (You bought it in a shop on level 1 of the Snake Pit)

   [ring of protection]

   It affects your AC (+4).
   It affects your dexterity (-2).
   It affects your resistance to hostile enchantments.
Wands
 d - a wand of flame (35)
 v - a wand of digging (14)
Scrolls
 a - 4 scrolls of blinking
 e - a scroll of enchant armour
 j - 8 scrolls of magic mapping
 k - 20 scrolls of teleportation
 p - 4 scrolls of fear
 q - 17 scrolls of remove curse
 s - a scroll of amnesia
 t - 14 scrolls of identify
 M - 4 scrolls of fog
Potions
 c - 7 potions of flight
 f - 3 potions of might
 g - 2 potions of ambrosia
 h - 31 potions of curing
 i - 4 potions of haste
 m - 2 potions of invisibility
 o - 11 potions of heal wounds
 r - a potion of brilliance
 w - 7 potions of mutation
 B - a potion of cancellation
 K - 4 potions of resistance
 L - 2 potions of stabbing
 Q - 4 potions of lignification
 W - 3 potions of berserk rage
Miscellaneous
 x - the horn of Geryon
Comestibles
 b - 68 rations


   Skills:
 O Level 27 Fighting
 * Level 17.9 Armour
 + Level 8.0 Dodging
 O Level 27 Unarmed Combat
 + Level 7.8 Invocations


You had 24 spell levels left.
You didn't know any spells.
Your spell library contained the following spells:

 Spells                   Type           Power        Failure   Level  Hunger
 Animate Skeleton         Necr           N/A          97%         1    ##.....
 Apportation              Tloc           #.....       97%         1    ##.....
 Corona                   Hex            #......      97%         1    ##.....
 Foxfire                  Conj/Fire      #...         97%         1    ##.....
 Magic Dart               Conj           #...         97%         1    ##.....
 Summon Small Mammal      Summ           #...         97%         1    ##.....
 Blink                    Tloc           N/A          99%         2    ###....
 Call Imp                 Summ           #.......     99%         2    ###....
 Corpse Rot               Necr/Air       N/A          99%         2    ###....
 Slow                     Hex            #.......     99%         2    ###....
 Conjure Flame            Conj/Fire      #.......     100%        3    ####...
 Ignite Poison            Fire/Tmut/Pois #.......     100%        3    ####...
 Inner Flame              Hex/Fire       #.......     100%        3    ####...
 Mephitic Cloud           Conj/Pois/Air  #.......     100%        3    ####...
 Stone Arrow              Conj/Erth      #.....       100%        3    ####...
 Iskenderun's Mystic Bla  Conj/Tloc      #.......     100%        4    #####..
 Olgreb's Toxic Radiance  Pois           #.......     100%        4    #####..
 Sticky Flame             Conj/Fire      #.......     100%        4    #####..
 Alistair's Intoxication  Tmut/Pois      #.......     100%        5    ######.
 Fireball                 Conj/Fire      #.........   100%        5    ######.
 Summon Forest            Summ/Tloc      #.........   100%        5    ######.
 Conjure Ball Lightning   Conj/Air       #.........   100%        6    #######
 Eringya's Noxious Bog    Tmut/Pois      #.........   100%        6    #######
 Hydra Form               Tmut           #.........   100%        6    #######
 Summon Hydra             Summ           #.........   100%        7    #######


Dungeon Overview and Level Annotations

Branches:
Dungeon (15/15)            Temple (0/1) D:4            Lair (6/6) D:8
 Shoals (4/4) Lair:3        Snake (4/4) Lair:2        Slime (0/5) Lair:5
    Orc (2/2) D:12            Elf (2/3) Orc:2        Vaults (4/5) D:13
  Crypt (0/3) Vaults:3     Depths (3/5) D:15           Hell (visited)
    Dis (0/7) Hell            Geh (0/7) Hell            Coc (0/7) Hell
    Tar (1/7) Hell          Sewer (visited)          Bailey (visited)
  IceCv (visited)         Volcano (visited)

Altars:
Dithmenos
Elyvilon
Gozag
Hepliaklqana
Kikubaaqudgha
Makhleb
Nemelex Xobeh
Okawaru
Qazlal
Ru
Sif Muna
Trog
Uskayaw
Xom
Yredelemnul
Zin
The Shining One
Beogh
Jiyva

Shops:
D:5 [   D:12 [   Orc:2 ([*=   Elf:2 !   Shoals:1 %   Shoals:2 (*   Shoals:4 *
Snake:1 [*(=[   Snake:2 }=}   Vaults:1 }   Depths:1 *   Depths:2 }

Portals:
Hell: Depths:1 Depths:2 Depths:3
Pandemonium: Depths:1
Ziggurat: Depths:1
Trove: D:10 (show slimy rune of Zot)

Annotations:
Elf:2 2 runed translucent doors


Innate Abilities, Weirdness & Mutations

You are resistant to torment.
Your stone body is resilient. (AC +19)
You are immune to poison.
Your large and strong wings let you fly indefinitely.
You resist negative energy. (rN+)
You are resistant to electric shocks. (rElec)
You can survive without breathing.
You are immune to petrification.
You are immune to rotting.
Armour fits poorly on your strangely shaped body.
You are frail. (-10% HP)


Message History

The black bear is moderately wounded.
The stone giant hits you but does no damage. x2
The black bear bites you but does no damage.
The black bear claws you.
* * * LOW HITPOINT WARNING * * *
The black bear claws you but does no damage.
The two-headed ogre hits you with a +0 giant club!!
* * * LOW HITPOINT WARNING * * *
The two-headed ogre hits you with a +0 giant club.
* * * LOW HITPOINT WARNING * * *
You pummel the black bear!!
You kill the black bear!
That felt strangely unrewarding. "...and did the people not suffer until they had ousted..."
The two-headed ogre is dazed by your recitation.
The troll completely misses the two-headed ogre.
The troll claws the two-headed ogre.
The troll claws the two-headed ogre!
The troll bites itself!!
The troll claws itself!
The troll barely misses itself.
The stone giant hits you!!
You die...

#>..# #...# #...## .
#....# ..#####....
.......... .....>.T#
......OW# ..###CC@# ..
#.C## .. #..# ..# ..
#..# #..# .. ##..# ##..#
.. ####...#### #..## ..
...........#### ##...##
..
.########.....###.....##
.. ###............##


You could see 2 stone giants, a two-headed ogre (berserk, dazed), a cyclops
(berserk), a troll (berserk, confused) and a shadow (invisible).

Vanquished Creatures
  2 ancient liches
  Xtahua (Vaults:4)
  Bai Suzhen (Shoals:3)
  Nikola (Shoals:1)
  Geryon (Hell)
  Jory (Depths:1)
  An Ice Fiend (IceCv)
  2 liches
  Murray (Depths:1)
  3 krakens
  Polyphemus (Shoals:1)
  2 sphinxes
  Gastronok (Orc:1)
  The ghost of Razfen the Cruncher, an adept GnWn of Ashenzari (Snake:3)
  The ghost of Zipteul the Fencer, an adept NaBe of Trog (Shoals:4)
  3 tengu reavers
  Donald (Vaults:4)
  5 nagarajas (Snake:4)
  Louise (Elf:2)
  3 deep elf sorcerers
  An orc warlord (Orc:1)
  8 frost giants
  4 fire giants
  Aizul (Snake:3)
  An iron dragon (Depths:1)
  2 cacodemons
  11 vault wardens
  2 deep elf elementalists (Elf:2)
  2 caustic shrike zombies (Hell)
  5 reapers (Hell)
  A large abomination (Depths:1)
  2 war gargoyles (Depths:1)
  15 ironheart preservers
  The ghost of Opsifuid the Severer, a journeyman BaBe of Trog (Elf:2)
  15 stone giants
  2 entropy weavers
  A caustic shrike skeleton (Depths:1)
  4 very ugly things
  8 deep elf annihilators
  2 deep elf demonologists
  7 vampire knights
  2 lorocyprocas
  The ghost of Siddir the Blocker, a journeyman MiBe of Trog (Snake:3)
  2 deep elf death magi (Vaults:4)
  4 ettins
  8 fire dragons
  5 merfolk impalers
  2 merfolk javelineers
  4 blizzard demons
  3 deep elf high priests
  2 quicksilver dragon zombies
  A kraken zombie (Hell)
  10 yaktaur captains
  8 great orbs of eyes
  A quicksilver dragon skeleton (Hell)
  6 jiangshi (Depths:1)
  Erolcha (Orc:2)
  2 catoblepae
  8 vault guards
  19 naga warriors
  7 rakshasas
  A hell beast (Depths:3)
  5 spriggan air magi
  12 anacondas
  8 ice dragons
  3 hydras
  4 death knights
  18 ogre magi
  4 merfolk avatars
  9 centaur warriors
  Erica (D:8)
  3 deep troll shamans
  9 merfolk aquamancers
  2 satyrs
  30 dancing weapons
  2 death yaks (Shoals:1)
  6 tengu warriors
  60 two-headed ogres
  6 spriggan berserkers
  6 vampire magi
  3 deep troll earth magi
  5 shock serpents
  A storm dragon zombie (Hell)
  4 iron golems
  Urug (Lair:6)
  7 naga sharpshooters
  An orc high priest (Orc:2)
  Nergalle (D:10)
  2 sun demons
  24 hell knights
  26 deep elf knights
  26 skeletal warriors
  6 iron trolls
  A shadow wraith (Vaults:4)
  6 soul eaters
  2 salamander mystics (Snake:2)
  24 sea snakes
  An entropy weaver zombie (Vaults:3)
  2 unseen horrors
  A sixfirhy (Depths:1)
  A swamp dragon (Lair:6)
  A tengu zombie (Vaults:3)
  9 wizards
  A gelid demonspawn (Depths:1)
  An obsidian statue (Shoals:4)
  10 deep trolls
  5 flayed ghosts
  20 deep elf archers
  11 ironbrand convokers
  3 anaconda skeletons
  7 phantasmal warriors
  11 necromancers
  2 sphinx zombies
  2 wolf spiders
  18 orc knights
  6 naga ritualists
  9 harpies
  6 frost giant zombies (Depths:1)
  66 deep elf magi
  8 mana vipers
  17 manticores
  3 stone giant zombies
  56 ugly things
  13 fauns
  7 orc sorcerers
  19 cyclopes
  An oklob plant (Snake:1)
  4 fire giant zombies
  43 black mambas
  6 salamanders
  2 guardian serpents (shapeshifter)
  2 fire giant skeletons
  8 merfolk sirens
  16 elephants
  2 ice statues
  A toenail golem (Volcano)
  3 centaur zombies (D:15)
  13 guardian serpents
  16 naga magi
  15 spiny frogs
  6 water nymphs
  13 vault sentinels
  A molten gargoyle (Depths:1)
  5 rust devils (Depths:1)
  A torpor snail (Lair:6)
  2 eyes of devastation (shapeshifter)
  4 gargoyles
  2 kobold demonologists
  2 hellions
  3 rime drakes
  2 orange demons (Depths:3)
  A komodo dragon (shapeshifter) (D:13)
  A smoke demon (Depths:1)
  53 yaktaurs
  4 anaconda simulacra (IceCv)
  14 freezing wraiths
  A spriggan zombie (Hell)
  5 komodo dragons
  A hellwing (Depths:3)
  A hydra zombie (Hell)
  A demonic crawler (Depths:1)
  10 ice devils
  A queen bee (Lair:2)
  A golden dragon simulacrum (IceCv)
  4 tengu conjurers
  4 wind drakes (Shoals:4)
  A red devil (Depths:1)
  25 merfolk
  14 trolls
  A tengu simulacrum (Vaults:2)
  3 polar bears
  A troll (shapeshifter) (Elf:2)
  2 harpy skeletons (Volcano)
  A fire dragon zombie (Hell)
  6 snapping turtles
  An ettin zombie (Hell)
  13 dream sheep
  22 blink frogs
  10 hippogriffs
  2 alligator zombies (Hell)
  4 hornets
  7 slime creatures
  2 hippogriffs (shapeshifter)
  An iron dragon simulacrum (Depths:1)
  A deep troll zombie (Hell)
  An ice dragon zombie (Depths:1)
  3 hydra skeletons (Hell)
  A meliai zombie (D:11)
  9 flying skulls
  A centaur simulacrum (D:15)
  2 alligator skeletons
  A spriggan (shapeshifter) (Vaults:4)
  Sigmund (D:4)
  7 wraiths
  A fire dragon skeleton (Depths:1)
  3 shadows
  16 water elementals
  2 redbacks
  49 yaks
  An air elemental (Elf:1)
  A deep troll skeleton (Depths:1)
  4 dire elephant simulacra (IceCv)
  3 vampires
  A ynoxinul (Depths:3)
  8 fire elementals
  9 wyverns
  2 human simulacra
  A death yak simulacrum (IceCv)
  2 basilisks
  2 steam dragons
  3 chaos spawn
  A golden eye (shapeshifter) (Vaults:4)
  2 hungry ghosts
  3 vampire mosquitoes (D:14)
  A neqoxec (Depths:3)
  4 harpy simulacra (IceCv)
  9 wargs
  An iron troll simulacrum (IceCv)
  5 hydra simulacra
  2 soldier ants
  60 nagas
  9 hell hounds (Depths:1)
  3 acid dragons
  8 porcupines
  34 water moccasins
  3 swamp drakes (Lair:6)
  58 orc warriors
  6 sky beasts
  5 black bears
  An ettin simulacrum (IceCv)
  2 eyes of draining
  2 ice beasts
  A necrophage (D:7)
  52 ogres
  4 phantoms
  16 wolves
  A fire dragon simulacrum (Depths:1)
  3 boggarts (Depths:2)
  9 centaurs
  14 crocodiles
  A crocodile (shapeshifter) (Vaults:4)
  4 big kobolds
  Blork the orc (D:4)
  14 bullfrogs
  A gnoll sergeant (D:12)
  3 earth elementals
  2 wyvern skeletons
  A scorpion (D:10)
  A water moccasin skeleton (D:6)
  31 killer bees
  6 wights
  4 spriggan skeletons
  2 electric eels
  A howler monkey (D:8)
  2 troll skeletons (Volcano)
  2 bullfrog zombies
  9 crimson imps
  2 draconian simulacra (IceCv)
  4 hounds
  26 orc priests
  7 centaur skeletons
  3 jellies
  3 iron imps (Depths:1)
  Crazy Yiuf (D:4)
  3 bullfrog skeletons
  Terence (D:3)
  9 worker ants
  7 iguanas
  37 orc wizards
  13 hell rats
  6 spriggan simulacra (IceCv)
  A wolf simulacrum (IceCv)
  2 naga skeletons (Volcano)
  A hound skeleton (D:4)
  2 hound zombies
  2 howler monkey zombies (D:8)
  A howler monkey skeleton (D:6)
  16 adders
  10 gnolls
  A naga simulacrum (IceCv)
  4 river rats (Sewer)
  4 shadow imps
  8 white imps (IceCv)
  9 ufetubi (IceCv)
  An ooze (D:3)
  2 adder skeletons
  3 worms
  7 leopard geckos
  131 orcs
  8 giant cockroaches
  13 goblins
  8 hobgoblins
  6 jackals
  6 quokkas
  3 ball pythons (Sewer)
  5 bats
  4 frilled lizards
  39 kobolds
  29 rats
  6 tentacles
2253 creatures vanquished.

Vanquished Creatures (collateral kills)
  Margery (Vaults:2)
  A very ugly thing (Depths:3)
  A merfolk impaler (Shoals:4)
  A fire dragon (Depths:3)
  A merfolk aquamancer (Shoals:4)
  A two-headed ogre (Vaults:4)
  3 hell knights (Vaults:2)
  A skeletal warrior (Vaults:2)
  A kraken simulacrum (Hell)
  2 necromancers (Vaults:2)
  An ugly thing (Depths:3)
  A manticore (Shoals:4)
  A merfolk siren (Shoals:4)
  A yaktaur (Vaults:4)
  8 merfolk (Shoals:4)
  A water elemental (Shoals:4)
  An ogre (Vaults:4)
  An orc (Vaults:2)
28 creatures vanquished.

Vanquished Creatures (others)
  A merfolk impaler (Shoals:1)
  An ice dragon (Depths:3)
  An ogre mage (Vaults:2)
  A deep elf archer (Elf:2)
  2 deep elf magi (Elf:2)
  A dream sheep (Shoals:4)
  A warg (Vaults:2)
  A boggart (Depths:2)
  5 fungi (Lair:6)
  15 plants
  34 tentacles
  A withered plant (D:15)
64 creatures vanquished.

Grand Total: 2345 creatures vanquished

Notes
Turn   | Place    | Note
-------+----------+-------------------------------------------
     0 | D:1      | HoaS the Gargoyle Berserker began the quest for the Orb.
     0 | D:1      | Reached XP level 1. HP: 14/14 MP: 1/1
   424 | D:1      | Reached XP level 2. HP: 19/19 MP: 2/2
  1494 | D:2      | Reached XP level 3. HP: 22/24 MP: 3/3
  1725 | D:2      | Reached XP level 4. HP: 22/29 MP: 4/4
  1826 | D:2      | Reached ** piety under Trog
  2262 | D:2      | Found a hide-covered altar of Uskayaw.
  2686 | D:3      | Reached XP level 5. HP: 25/34 MP: 5/5
  2934 | D:3      | Noticed Terence
  2959 | D:3      | Killed Terence
  2959 | D:3      | Reached skill level 5 in Unarmed Combat
  3155 | D:3      | Found an iron altar of Okawaru.
  3342 | D:3      | Noticed a phantom
  3360 | D:3      | Killed a phantom
  3360 | D:3      | Reached XP level 6. HP: 28/40 MP: 6/6
  3520 | D:3      | Reached skill level 5 in Fighting
  3600 | D:4      | Found a basalt altar of Yredelemnul.
  3681 | D:4      | Noticed Sigmund
  3703 | D:4      | Killed Sigmund
  3703 | D:4      | Reached XP level 7. HP: 41/44 MP: 7/7
  3849 | D:4      | Noticed Blork the orc
  3856 | D:4      | Killed Blork the orc
  3923 | D:4      | Found a sacrificial altar of Ru.
  4085 | D:4      | Found a staircase to the Ecumenical Temple.
  4407 | D:4      | Reached *** piety under Trog
  4442 | D:4      | Reached XP level 8. HP: 48/52 MP: 8/8
  4617 | D:4      | Found a runed translucent door.
  4618 | D:4      | Noticed Crazy Yiuf
  4731 | D:4      | Killed Crazy Yiuf
  4861 | D:5      | Entered Level 5 of the Dungeon
  5015 | D:5      | Found a glowing drain.
  5056 | Sewer    | Entered a sewer
  5347 | Sewer    | Reached **** piety under Trog
  5876 | D:5      | Found Givvom's Armour Shop.
  6189 | D:5      | Found a bloodstained altar of Trog.
  6815 | D:6      | Reached XP level 9. HP: 59/59 MP: 9/9
  7031 | D:6      | Reached skill level 10 in Unarmed Combat
  7773 | D:7      | Found an ancient bone altar of Kikubaaqudgha.
  7783 | D:7      | Found a shimmering blue altar of Sif Muna.
  7784 | D:7      | Reached ***** piety under Trog
  8241 | D:7      | Found a glowing golden altar of the Shining One.
  8550 | D:8      | Reached XP level 10. HP: 32/66 MP: 4/10
  8772 | D:8      | Noticed Erica
  8786 | D:8      | Killed Erica
  8866 | D:8      | Found a burning altar of Makhleb.
  8868 | D:8      | Found an opulent altar of Gozag.
  8869 | D:8      | Found an ancient bone altar of Kikubaaqudgha.
  8909 | D:8      | Found a hazy altar of Hepliaklqana.
  9301 | D:8      | Found a staircase to the Lair.
  9581 | D:9      | Reached skill level 10 in Fighting
  9651 | D:9      | Received a gift from Trog
  9654 | D:9      | Found a stormy altar of Qazlal.
  9654 | D:9      | Found a glowing silver altar of Zin.
  9660 | D:9      | Found a sparkling altar of Nemelex Xobeh.
  9756 | D:9      | Found a white marble altar of Elyvilon.
 10187 | D:10     | Entered Level 10 of the Dungeon
 10215 | D:10     | Found a portal to a secret trove of treasure.
 10239 | D:10     | Noticed Nergalle
 10253 | D:10     | Noticed a spectral orc warlord
 10261 | D:10     | Killed Nergalle
 10605 | D:10     | Reached XP level 11. HP: 68/73 MP: 11/11
 10638 | D:10     | You fall into a shaft and drop 1 floor!
 10909 | D:11     | Noticed a purple ugly thing
 10923 | D:11     | Killed a purple ugly thing
 10979 | D:11     | Found a flagged portal.
 11001 | Bailey   | Entered a bailey
 11562 | Bailey   | Received a gift from Trog
 11713 | Bailey   | Found a roughly hewn altar of Beogh.
 11713 | Bailey   | Noticed an orc knight
 11750 | Bailey   | Killed an orc knight
 12116 | D:11     | Noticed a two-headed ogre
 12126 | D:11     | Killed a two-headed ogre
 12737 | D:11     | Noticed a five-headed hydra
 12743 | D:11     | Killed a five-headed hydra
 12748 | D:11     | Reached XP level 12. HP: 55/82 MP: 12/12
 12885 | D:11     | Reached skill level 15 in Unarmed Combat
 13361 | D:12     | Noticed a death knight
 13698 | D:12     | Killed a death knight
 13975 | D:12     | Reached skill level 15 in Fighting
 14408 | D:12     | Received a gift from Trog
 14825 | D:12     | Got a faintly humming scale mail
 14826 | D:12     | Identified the +6 scale mail "Voahyiff" {MP+9 Dex+6} (You
                  | found it on level 12 of the Dungeon)
 14992 | D:12     | Found Onta's Armour Boutique.
 14992 | D:12     | Found a staircase to the Orcish Mines.
 15063 | D:12     | Noticed a two-headed ogre
 15088 | D:12     | HP: 3/88 [large slime creature (24)]
 15113 | D:12     | Killed a two-headed ogre
 15746 | D:9      | Noticed a two-headed ogre
 15750 | D:9      | Killed a two-headed ogre
 15750 | D:9      | Reached skill level 5 in Armour
 15843 | D:5      | Bought the +2 hood of the Assassin {Detection Stab+
                  | Stlth++} for 660 gold pieces
 15843 | D:5      | Found the +2 hood of the Assassin {Detection Stab+ Stlth++}
 15947 | Lair:1   | Entered Level 1 of the Lair of Beasts
 16057 | Lair:1   | Reached XP level 13. HP: 93/93 MP: 13/13
 16947 | Lair:2   | Found a staircase to the Snake Pit.
 17712 | Lair:2   | Received a gift from Trog
 18367 | Lair:3   | Found a staircase to the Shoals.
 19200 | D:5      | Bought a +1 pair of boots of stealth for 181 gold pieces
 19571 | Lair:4   | Gained mutation: Your large and strong wings let you fly
                  | indefinitely. [Gargoyle growth]
 19571 | Lair:4   | Reached XP level 14. HP: 78/102 MP: 14/14
 19674 | Lair:4   | You are sucked into a shaft and drop 1 floor!
 19944 | Lair:4   | Found an ancient bone altar of Kikubaaqudgha.
 19978 | Lair:4   | Received a gift from Trog
 20612 | Lair:4   | You are sucked into a shaft and drop 2 floors!
 20612 | Lair:6   | Entered Level 6 of the Lair of Beasts
 20951 | Lair:6   | Found a dark tunnel.
 20982 | Volcano  | Entered a volcano
 21923 | Lair:5   | Found a viscous altar of Jiyva.
 21924 | Lair:5   | Found a staircase to the Slime Pits.
 22126 | Lair:5   | Received a gift from Trog
 22630 | Lair:6   | Reached XP level 15. HP: 103/108 MP: 15/15
 23244 | Lair:6   | Noticed Urug
 23249 | Lair:6   | Killed Urug
 24112 | Orc:1    | Entered Level 1 of the Orcish Mines
 24260 | D:12     | Reached ****** piety under Trog
 25021 | Orc:1    | Received a gift from Trog
 25061 | Orc:1    | Noticed Gastronok
 25096 | Orc:1    | Killed Gastronok
 25595 | Orc:2    | Entered Level 2 of the Orcish Mines
 25621 | Orc:2    | Noticed Erolcha
 25631 | Orc:2    | Killed Erolcha
 25720 | Orc:2    | Found a staircase to the Elven Halls.
 26436 | Orc:2    | Noticed an orc warlord
 26441 | Orc:2    | Paralysed by an orc sorcerer for 5 turns
 26531 | Orc:2    | Found a roughly hewn altar of Beogh.
 26605 | Orc:1    | Killed an orc warlord
 26605 | Orc:1    | Received a gift from Trog
 26918 | Orc:2    | Found Ruck's General Store.
 27107 | Orc:2    | Found Kohoannao's Jewellery Boutique.
 27122 | Orc:2    | Found Acesh's Antique Armour Boutique.
 27138 | Orc:2    | Found Onao's Antique Weapon Boutique.
 27241 | Orc:2    | Bought the ring "Ehiemil" {rF+ rC++ EV+4} for 945 gold
                  | pieces
 27241 | Orc:2    | Bought an uncursed amulet of regeneration for 420 gold
                  | pieces
 27425 | D:13     | Found a gate to the Vaults.
 27599 | D:13     | You fall into a shaft and drop 1 floor!
 28411 | D:14     | Reached XP level 16. HP: 118/118 MP: 16/16
 28787 | D:14     | Received a gift from Trog
 28985 | D:15     | Entered Level 15 of the Dungeon
 29224 | D:15     | Found a hide-covered altar of Uskayaw.
 29372 | D:15     | Found a staircase to the Depths.
 29924 | Shoals:1 | Entered Level 1 of the Shoals
 30066 | Shoals:1 | Noticed Nikola
 30097 | Shoals:1 | Killed Nikola
 30302 | Shoals:1 | Noticed a kraken
 30342 | Shoals:1 | Killed a kraken
 30782 | Shoals:1 | Found Jaufi's Food Boutique.
 30957 | Shoals:2 | Found Toreff's Antique Weapon Emporium.
 30957 | Shoals:2 | Noticed Polyphemus
 31063 | Shoals:1 | Killed Polyphemus
 31063 | Shoals:1 | Reached XP level 17. HP: 79/125 MP: 17/17
 31144 | Shoals:2 | Received a gift from Trog
 31224 | Shoals:2 | Noticed a kraken
 31240 | Shoals:2 | Killed a kraken
 31429 | Shoals:2 | Found Abewin's General Store.
 32471 | Shoals:3 | Received a gift from Trog
 32801 | Shoals:3 | Noticed a kraken
 32815 | Shoals:3 | Killed a kraken
 33325 | Shoals:4 | Entered Level 4 of the Shoals
 33331 | Shoals:4 | Noticed Bai Suzhen
 33362 | Shoals:3 | Killed Bai Suzhen
 33598 | Shoals:4 | Reached skill level 10 in Armour
 33721 | Shoals:4 | Received a gift from Trog
 33773 | Shoals:4 | Reached XP level 18. HP: 108/132 MP: 18/18
 33885 | Shoals:4 | Got a barnacled rune of Zot
 34042 | Shoals:4 | Identified the +1 ring mail of Salvation {Harm Str-4 Int-2
                  | SInv}
 34292 | Shoals:4 | Got a scorched chain mail
 34293 | Shoals:4 | Identified the +6 chain mail of Syndicalism {+Blink Regen+
                  | Dex-4 SInv} (You found it on level 4 of the Shoals)
 34510 | Shoals:4 | Found a runed translucent gate.
 34510 | Shoals:4 | Found a runed translucent gate.
 34510 | Shoals:4 | Found a runed translucent gate.
 34511 | Shoals:4 | Found an opulent altar of Gozag.
 34514 | Shoals:4 | Noticed Zipteul's ghost (adept NaBe)
 34542 | Shoals:4 | Found Umoohumn's Assorted Antiques.
 34586 | Shoals:4 | Identified the amulet of Zoed {Spirit +Fly Str+4}
 34984 | Shoals:4 | Killed Zipteul's ghost
 35179 | Shoals:4 | Bought a pair of embroidered boots for 300 gold pieces
 35360 | Snake:1  | Entered Level 1 of the Snake Pit
 35463 | Snake:1  | Found a frozen archway.
 35473 | IceCv    | Entered an ice cave
 35600 | IceCv    | Received a gift from Trog
 36106 | IceCv    | Noticed an Ice Fiend
 36117 | IceCv    | Killed an Ice Fiend
 36243 | IceCv    | Got a pair of spiked boots
 36268 | IceCv    | Identified the +2 pair of boots "Juvutt" {rN+} (You found
                  | it in an ice cave)
 36490 | Snake:1  | Found a shimmering altar of Xom.
 36763 | Snake:1  | Found a shimmering altar of Xom.
 36854 | Snake:1  | Found Ufiom's General Store.
 36893 | Snake:1  | Found Buquzij's Antique Weapon Shoppe.
 36958 | Snake:1  | Found Sainadgh's Antique Armour Boutique.
 36965 | Snake:1  | Bought a distressingly furry plate armour for 1148 gold
                  | pieces
 36988 | Snake:1  | Identified the cursed +1 plate armour "Xeotuav" {-Tele +Inv
                  | MR++ MP+9} (You bought it in a shop on level 1 of the Snake
                  | Pit)
 37367 | Snake:1  | Found Semn's Antique Armour Shop.
 37446 | Snake:1  | Found Yhyt's Jewellery Shoppe.
 37674 | Snake:2  | Received a gift from Trog
 38143 | Snake:2  | Reached XP level 19. HP: 139/139 MP: 19/19
 38158 | Snake:2  | Found Colu's Gadget Emporium.
 38158 | Snake:2  | Found Kinemuv's Jewellery Shop.
 38159 | Snake:2  | Found Luymeo's Gadget Emporium.
 38309 | Snake:2  | Got a vibrating garnet amulet
 38310 | Snake:2  | Identified the amulet of Fiamot {Spirit Fragile rF+ MR+
                  | Int+8} (You found it on level 2 of the Snake Pit)
 38563 | Snake:3  | Found a flickering gateway to a bazaar.
 38574 | Bazaar   | Entered a bazaar
 38574 | Bazaar   | Found Tiuthrysch's Magic Scroll Shop.
 38652 | Bazaar   | Found Jidiom's Distillery.
 38665 | Bazaar   | Found Cafuvuirch's Jewellery Emporium.
 38673 | Bazaar   | Found Avvop's Magic Scroll Emporium.
 38681 | Bazaar   | Found Yhoappov's Assorted Antiques.
 38815 | Snake:3  | Noticed Aizul
 38829 | Snake:3  | Killed Aizul
 38835 | Snake:3  | Found a runed translucent gate.
 38835 | Snake:3  | Found a runed translucent gate.
 38836 | Snake:3  | Found a runed translucent gate.
 38837 | Snake:3  | Noticed Siddir's ghost (journeyman MiBe)
 38838 | Snake:3  | Noticed Razfen's ghost (adept GnWn)
 38842 | Snake:3  | Identified a scroll of acquirement
 39485 | Snake:3  | Killed Siddir's ghost
 39488 | Snake:3  | Killed Razfen's ghost
 39577 | Snake:3  | Got a coiled ruby amulet
 39580 | Snake:3  | Identified the amulet of Fibiriph {RegenMP Str+6 Int+3}
                  | (You found it on level 3 of the Snake Pit)
 39665 | Snake:4  | Entered Level 4 of the Snake Pit
 39841 | Snake:4  | Received a gift from Trog
 41113 | Snake:4  | Received a gift from Trog
 41524 | Snake:4  | Got a serpentine rune of Zot
 41990 | Depths:1 | Entered Level 1 of the Depths
 42330 | Depths:1 | Reached XP level 20. HP: 147/147 MP: 20/20
 42567 | Depths:1 | Received a gift from Trog
 43439 | Snake:1  | Bought the amulet of Wannokh {Acrobat rElec rN+ MR+ Str+4}
                  | for 933 gold pieces
 43439 | Snake:1  | Bought the ring of Gejed Gog {MR++ AC+4 Dex-2} for 708 gold
                  | pieces
 43677 | Vaults:1 | Entered Level 1 of the Vaults
 44041 | Vaults:1 | Received a gift from Trog
 44067 | Vaults:1 | Found a shadowy altar of Dithmenos.
 44183 | Vaults:1 | Found Duutiaz's Gadget Shop.
 45297 | Vaults:2 | Noticed Margery
 45339 | Vaults:2 | Killed Margery
 45378 | Vaults:2 | Received a gift from Trog
 45557 | Vaults:2 | Reached XP level 21. HP: 156/156 MP: 21/21
 46263 | Vaults:2 | Received a gift from Trog
 47059 | Vaults:3 | Reached skill level 5 in Dodging
 47408 | Vaults:3 | Found a staircase to the Crypt.
 47733 | Vaults:3 | Received a gift from Trog
 47927 | Vaults:3 | Found a hide-covered altar of Uskayaw.
 48524 | Vaults:3 | Reached XP level 22. HP: 157/163 MP: 22/22
 48559 | Vaults:3 | Received a gift from Trog
 49785 | Vaults:4 | Received a gift from Trog
 50168 | Vaults:4 | Noticed Xtahua
 50184 | Vaults:4 | Killed Xtahua
 50735 | Vaults:4 | Received a gift from Trog
 50736 | Vaults:4 | Found the +8 autumn katana {vorpal, Clar}
 51394 | Vaults:4 | Identified the +3 kite shield of Beogh's Generosity {rElec
                  | MR- Dex+5}
 51394 | Vaults:4 | Noticed Donald
 51411 | Vaults:4 | Killed Donald
 51412 | Vaults:4 | Reached skill level 15 in Armour
 51892 | Vaults:4 | Reached XP level 23. HP: 170/170 MP: 23/23
 52247 | Depths:1 | Received a gift from Trog
 52503 | Depths:1 | Noticed Jory
 52528 | Depths:1 | Killed Jory
 52687 | Depths:1 | Found a gateway to Hell.
 52758 | Depths:1 | Found a gateway to a ziggurat.
 53100 | Depths:1 | Found Cide's Antique Artefacts.
 53220 | Depths:1 | Identified the cursed +1 arbalest "Wytejosm" {venom, *Drain
                  | MR+ Stlth+}
 53223 | Depths:1 | Found a basalt altar of Yredelemnul.
 53387 | Depths:1 | Found a one-way gate leading to the halls of Pandemonium.
 53501 | Depths:2 | Received a gift from Trog
 53582 | Depths:2 | Noticed an ancient lich
 53600 | Depths:2 | Killed an ancient lich
 54419 | Depths:2 | Reached skill level 27 in Unarmed Combat
 54424 | Depths:2 | Received a gift from Trog
 55003 | Depths:2 | Found Tomatubb's Gadget Emporium.
 55328 | Depths:2 | You fall into a shaft and drop 1 floor!
 55413 | Depths:3 | Reached XP level 24. HP: 176/178 MP: 23/23
 55457 | Depths:3 | Gained mutation: You are frail. (-10% HP) [a neqoxec]
 55541 | Depths:3 | Gained mutation: Armour fits poorly on your strangely
                  | shaped body. [a cacodemon]
 55592 | Depths:3 | Received a gift from Trog
 55600 | Depths:3 | Got a brightly glowing glass ring
 55627 | Depths:3 | Identified the ring of Taun {+Fly rF+ Int+4} (You found it
                  | on level 3 of the Depths)
 56500 | D:9      | Fell from the grace of Trog
 56500 | D:9      | Became a worshipper of Zin the Law-Giver
 56500 | D:9      | Reached * piety under Zin
 56500 | D:9      | Reached ** piety under Zin
 56633 | Elf:1    | Entered Level 1 of the Elven Halls
 56698 | Elf:1    | Reached skill level 27 in Fighting
 56782 | Elf:1    | Donated 450 gold pieces to Zin
 56822 | Elf:1    | Reached skill level 1 in Invocations
 56844 | Elf:1    | Reached *** piety under Zin
 56898 | Elf:1    | Identified Sif Muna's Handbook of Attacks
 57505 | Elf:2    | HP: 8/162 [spriggan berserker/+0 war axe (10)]
 57932 | Elf:2    | Found a shimmering blue altar of Sif Muna.
 57955 | Elf:2    | Donated 261 gold pieces to Zin
 57976 | Elf:2    | Reached **** piety under Zin
 58018 | Elf:2    | Found Feskio's Distillery.
 58026 | Elf:2    | Bought a potion of mutation for 144 gold pieces
 58026 | Elf:2    | Bought a potion of mutation for 144 gold pieces
 58097 | Elf:2    | Found a runed translucent gate.
 58098 | Elf:2    | Found a runed translucent gate.
 58099 | Elf:2    | Found a runed translucent gate.
 58100 | Elf:2    | Noticed Opsifuid's ghost (journeyman BaBe)
 58182 | Elf:2    | Found a large runed translucent door.
 58182 | Elf:2    | Found a large runed translucent door.
 58205 | Elf:2    | Found a large runed translucent door.
 58205 | Elf:2    | Found a large runed translucent door.
 58444 | Elf:2    | Found a bloodstained altar of Trog.
 58579 | Elf:2    | Noticed Louise
 58689 | Elf:2    | Killed Louise
 58702 | Elf:2    | Reached skill level 5 in Invocations
 59545 | Elf:2    | Killed Opsifuid's ghost
 59560 | Elf:2    | Got a smoking cloak
 59571 | Elf:2    | Identified the +2 cloak of Qazlal's Inspiration {Regen+
                  | SInv} (You found it on level 2 of the Elven Halls)
 59840 | Hell     | Entered the Vestibule of Hell
 59879 | Depths:1 | Reached XP level 25. HP: 154/168 MP: 27/27
 59883 | Depths:1 | Donated 51 gold pieces to Zin
 59979 | Hell     | Noticed Geryon
 60640 | Depths:1 | Identified the Collected Works on Poison
 60890 | Hell     | Noticed Murray
 61232 | Hell     | Noticed an ancient lich
 61369 | Depths:1 | Donated 25 gold pieces to Zin
 61592 | Hell     | Killed an ancient lich
 61764 | Hell     | Reached ***** piety under Zin
 62086 | Depths:1 | Killed Murray
 62454 | Hell     | Killed Geryon
 62562 | Hell     | Found a gateway to the freezing wastes of Cocytus.
 62620 | Hell     | Found a gateway to the Iron City of Dis.
 62672 | Hell     | Found a gateway to the ashen valley of Gehenna.
 62714 | Hell     | Found a gateway to the decaying netherworld of Tartarus.
 62879 | Tar:1    | Entered Level 1 of Tartarus
 63098 | Tar:1    | Slain by a stone giant

Illustrated notes

Levels and vault maps discovered:
D:1:      scummos_arrival_hexagon, layout_basic, wad_floor_pattern_2
D:2:      layout_loops_ring, lemuel_round_altar
D:3:      layout_loops_corners, first_ration, okawaru_ov_weapons_minmay,
          uniq_terence
D:4:      layout_loops_ring, yredelemnul_altar_generic,
          minmay_temple_entry_waves, chequers_serial_rivers_micro_e,
          nicolae_ru_the_path_less_chosen, uniq_sigmund,
          uniq_crazy_yiuf_cottage, uniq_blork_the_orc
D:5:      layout_cave_pods, kennysheep_mini, cheibrodos_sewer_entry_bend,
          serial_shops, shop
D:6:      layout_basic
D:7:      layout_basic, lemuel_round_altar, kennysheep_little_box, basic_altar
D:8:      layout_loops_ring, lemuel_round_altar, minitemple, lair_entry_dummy,
          uniq_erica
D:9:      layout_stronghold, gammafunk_temple_overflow_claw, elyvilon_altar_3
D:10:     layout_basic, nicolae_trove_entry_crossroad, hangedman_fish_farm,
          uniq_nergalle
D:11:     layout_loops_ring, enter_bailey_3, serial_bayou_pond_e,
          grunt_ministairs_8, bh_walls_and_bars
D:12:     minmay_bloctagon_deflated, layout_cave_pods, orc_david_3
D:13:     layout_basic, david_vaults_1
D:14:     layout_rooms, amethyst_killhole, kennysheep_two_boxes
D:15:     gammafunk_depths_entry_grave, layout_rooms, minmay_misc_feat_encased,
          small_chamber_with_monster, lemuel_tele_altar
Lair:1:   layout_roguey, st_stairs_9, serial_bayou_lagoon_b
Lair:2:   regret_index_wax_grids, layout_regular_city,
          guppyfry_snake_entry_garden, serial_bayou_shore_b
Lair:3:   layout_chaotic_city, minmay_shoals_entry_beasts,
          minmay_stone_trees_medium, serial_bayou_shore_a, grunt_megastairs_2
Lair:4:   dragon1_lemuel, layout_cave_pods, basic_altar,
          chequers_serial_rivers_micro_c, patterned_corridor
Lair:5:   layout_big_grid, slime_altar_1, grunt_megastairs_1
Lair:6:   guppyfry_lair_end_dragon, layout_gridlike,
          hangedman_lair_tendril_chambers, nicolae_volcano_entry_two_sided,
          uniq_urug
Shoals:1: layout_shoals, serial_shops, nicolae_shop_stone, uniq_nikola
Shoals:2: layout_shoals, serial_shops, shop_statue, nicolae_shoals_c_island,
          uniq_polyphemus
Shoals:3: layout_shoals, st_sunken_temple
Shoals:4: shoals_end_grunt_ice, layout_shoals, ebering_ghost_gozag,
          nicolae_shoals_aquamancer_cove, uniq_bai_suzhen
Snake:1:  skrybe_snakes_to_sticks, layout_chambers,
          portal_ice_cave_entry_pillars_four, serial_shops,
          nicolae_shop_behind_doors, nicolae_shop_waterfront,
          nicolae_shop_stone, nicolae_shop_competitors_out_of_business, shop,
          lemuel_oklob_altar
Snake:2:  layout_rooms, minmay_shop_grove
Snake:3:  nrook_guardian_serpent_snake_passage, layout_misc_corridors,
          gammafunk_ghost_cemetery, serial_shops, bzr_entry_dummy, uniq_aizul
Snake:4:  grunt_snake_rune_pools, layout_basic
Orc:1:    layout_caves, nooodl_orcs_dogs, uniq_gastronok
Orc:2:    grunt_orc_cross, layout_caves, uniq_erolcha
Elf:1:    layout_gridlike, minmay_elf_annihilation
Elf:2:    layout_geoelf_grid, serial_shops, nicolae_shop_stone, basic_altar,
          gammafunk_ghost_split, evilmike_spriggan_trog_shrine, uniq_louise
Vaults:1: kb_rosetta, ontoclasm_vaults_claustrophobia,
          nicolae_vaults_little_squares_2, ontoclasm_vaults_pinch, v_misc_3,
          dpeg_vaults_monster_row, nicolae_vaults_rhombus_7,
          ontoclasm_vaults_idyll, layout_vaults_omnigrid, serial_shops,
          nicolae_shop_crystal, basic_altar
Vaults:2: nicolae_vaults_arrows, vaults_dpeg_cross, vaults_dpeg_diagonal,
          nicolae_vaults_network_square, ontoclasm_vaults_gallery,
          vaults_room_boxed, nicolae_vaults_yaktaur_gun_rack,
          dpeg_vaults_monster_box, ontoclasm_vaults_spin, v_misc_17,
          vaults_room_stairs_pillars, layout_vaults_big_room, uniq_margery
Vaults:3: vaults_standard_mumra_enter_the_diamond, v_rooms_6,
          hangedman_vaults_snaps, v_misc_9, nicolae_vaults_big_ls,
          nicolae_vaults_fighting_squares, ontoclasm_vaults_shuriken,
          ontoclasm_vaults_ring_square, vaults_mumra_hexcomb,
          layout_vaults_ring, basic_altar
Vaults:4: vaults_mumra_lcd, hangedman_vaults_hat, nicolae_vaults_network_star,
          vaults_room_ringed_pool, v_misc_9, v_misc_5, v_pattern_3,
          nicolae_vaults_little_ls, vaults_dpeg_ring, v_misc_14,
          vaults_room_fours, nicolae_vaults_little_squares_2,
          layout_vaults_maze_bifur, uniq_xtahua, uniq_donald
Depths:1: lemuel_vampire_tower, layout_cave_pools, enter_ziggurat_c, hell_entry,
          rand_demon_pan_entry_3, abandoned_shop, abandoned_shop,
          minmay_liquid_box, nicolae_antique_artefacts, corexii_corridor_pit,
          grunt_ministairs_6, serial_sigils_hangedman_scratch,
          minmay_misc_feat_more_columns, minmay_the_grid_square_5x5_3x3_mashed
          [minmay_the_grid_square_5x5_fancy_junction,
          minmay_the_grid_square_5x5_spiral,
          minmay_the_grid_square_5x5_two_walls_b,
          minmay_the_grid_square_5x5_minivault,
          minmay_the_grid_square_5x5_megaprize_open,
          minmay_the_grid_square_5x5_hourglass,
          minmay_the_grid_square_5x5_percent,
          minmay_the_grid_square_5x5_checkered_sparse,
          minmay_the_grid_square_5x5_pentomino_r]
Depths:2: minmay_quantized_circle, layout_basic, special_room
          [special_room_magic_class], hell_entry, serial_shops,
          nicolae_shop_crystal
Depths:3: kennysheep_demon_jail, layout_cave_pools, grunt_mini_vestibule,
          rand_demon_pan_entry_1, kennysheep_nondescript,
          infiniplex_staircase_zigzag_5
Hell
Tar:1:    layout_cathedral_of_symmetry

Skill      XL: |  1  2  3  4  5  6  7  8  9 10 11 12 13 14 15 16 17 18 19 20 21 22 23 24 25 |
---------------+----------------------------------------------------------------------------+-----
Unarmed Combat | 4 5 6 7 9 11 13 14 15 17 19 20 21 22 24 25 26 27 | 27.0
Fighting       | 4 5 6 7 9 10 12 16 17 18 19 20 21 22 24 25 26 27 | 27.0
Armour         | 5 8 10 11 12 13 15 16 17 | 17.9
Dodging        | 3 5 6 8 |  8.0
Invocations    | 5 7 |  7.8

Action                   |  1- 3 |  4- 6 |  7- 9 | 10-12 | 13-15 | 16-18 | 19-21 | 22-24 | 25-27 || total
-------------------------+-------+-------+-------+-------+-------+-------+-------+-------+-------++-------
Melee: Unarmed           |   126 |   179 |   425 |   611 |  1281 |  1424 |  1517 |  1565 |   479 ||  7607
       Punch             |     1 |     9 |    11 |    40 |   118 |   112 |   143 |   157 |    56 ||   647
 Fire: Arbalest          |       |       |       |    20 |       |       |       |       |       ||    20
Invok: Trog's Hand       |       |     1 |       |     4 |     4 |     5 |     3 |     4 |       ||    21
       Brothers in Arms  |       |       |       |     1 |       |     2 |     1 |     3 |       ||     7
       Berserk           |       |       |       |     2 |     1 |     4 |       |     1 |       ||     8
       Vitalisation      |       |       |       |       |       |       |       |     2 |     3 ||     5
       Donate Gold       |       |       |       |       |       |       |       |     2 |     2 ||     4
       Recite            |       |       |       |       |       |       |       |       |     2 ||     2
 Abil: Fly               |       |       |       |       |     1 |     1 |       |     1 |       ||     3
       Stop Flying       |       |       |       |       |     1 |       |       |     1 |       ||     2
Evoke: Wand              |       |       |       |    14 |       |     8 |     5 |     1 |       ||    28
  Use: Scroll            |       |       |    14 |     4 |    18 |    11 |     7 |     3 |       ||    57
       Potion            |       |       |       |       |       |       |     2 |     3 |       ||     5
 Stab: Confused          |       |       |       |       |     1 |       |       |       |       ||     1
       Distracted        |       |       |       |       |       |     1 |       |       |       ||     1
  Eat: Chunk             |     3 |     6 |    16 |    22 |    43 |    31 |    25 |    30 |       ||   176
       Ration            |       |       |       |     2 |       |     2 |     3 |     4 |     3 ||    14
Armor: Animal skin       |    41 |       |       |       |       |       |       |       |       ||    41
       Ring mail         |     6 |    46 |       |       |       |       |       |       |       ||    52
       Scale mail        |       |    15 |    88 |       |       |       |       |       |       ||   103
       Chain mail        |       |       |    39 |       |       |       |       |       |       ||    39
       Plate armour      |       |       |   102 |   364 |   743 |   526 |       |       |       ||  1735
       Gold dragon scale |       |       |       |       |       |   712 |   859 |  1055 |  1218 ||  3844
       Shadow dragon sca |       |       |       |       |       |       |   134 |       |       ||   134
Dodge: Dodged            |    90 |    89 |   164 |   295 |   522 |   613 |   568 |   660 |   585 ||  3586
       Repelled          |       |       |       |       |       |       |       |    57 |       ||    57
